 Dungeon Crawl Stone Soup version 0.30-a0-808-g6e0788376e (webtiles) character file.

Game seed: 15522972497177456778

24718 holysushi the Slicer (level 13, -6/78 (88) HPs)
             Began as a Vine Stalker Monk on Feb 26, 2023.
             Was an Initiate of Gozag.
             Mangled by a death scarab (18 damage)
             ... in a Gauntlet.
             The game lasted 00:19:15 (12475 turns).

holysushi the Slicer (Vine Stalker Monk)           Turns: 12475, Time: 00:19:15

HP:   -6/78 (88)    AC:  9    Str: 14    XL:     13   Next: 14%
MP:   0/28          EV: 22    Int: 10    God:    Gozag
Gold: 630           SH: 11    Dex: 28    Spells: 18/18 levels left

rFire   . . .      SeeInvis .    a - +3 rapier (drain)
rCold   x x .      Faith    .    B - +0 buckler
rNeg    . . .      Spirit   +    u - +3 ring mail of Inaction {Regen+ MP+9}
rPois   .          Reflect  +    o - +0 helmet
rElec   .          Harm     .    (no cloak)
rCorr   +          Rampage  .    (no gloves)
Will    +....      NoTele   +    (no boots) Stlth
                                 O - amulet of reflection
HPRegen 1.93/turn                I - +6 ring of dexterity
MPRegen 0.21/turn                n - ring of resist corrosion

@: berserking, gold aura, hasted and slowed, heavily drained, unable to read
A: fangs 3, regeneration 1, magic shield, antimagic bite, no potion heal 2,
[cold vulnerability 2], [inability to read after injury 2]
a: Renounce Religion, Potion Petition, Call Merchant, Bribe Branch


You were in a Gauntlet.
You worshipped Gozag.
Gozag was pleased with you.
You visited 3 branches of the dungeon, and saw 15 of its levels.
You also visited: Gauntlet.

You collected 1554 gold pieces.
You spent 924 gold pieces at shops.

Inventory:

Hand Weapons
 a - a +3 rapier of draining (weapon)
 l - a +0 short sword of draining
 x - a +0 dagger of venom
Missiles
 D - a throwing net (quivered)
Armour
 b - a +0 robe
 o - a +0 helmet (worn)
 u - the +3 ring mail of Inaction (worn) {Regen+ MP+9}
   (You found it on level 3 of the Dungeon)

   MP:        It affects your magic capacity (+9).
   Regen:     It increases your rate of health regeneration.
 B - a +0 buckler (worn)
 H - a +2 robe of willpower
Jewellery
 n - a ring of resist corrosion (right hand)
 I - a +6 ring of dexterity (left hand)
 J - a ring of ice
 L - a +6 ring of intelligence
 O - an amulet of reflection (around neck)
 P - a ring of protection from fire
Wands
 f - a wand of roots (1)
 y - a wand of polymorph (9)
 A - a wand of flame (15)
 F - a wand of mindburst (21)
 G - a wand of digging (5)
Scrolls
 d - 8 scrolls of identify
 p - a scroll of butterflies
 r - 3 scrolls of vulnerability
 t - 3 scrolls of fear
 w - 6 scrolls of teleportation
 C - 2 scrolls of magic mapping
 K - a scroll of enchant armour {unknown}
 M - a scroll of acquirement {unknown}
 N - 2 scrolls of blinking
Potions
 c - 4 potions of ambrosia
 e - 2 potions of haste
 g - 4 potions of attraction
 h - 7 potions of curing
 i - 2 potions of lignification
 j - a potion of resistance
 k - 3 potions of degeneration
 m - 2 potions of mutation
 q - 2 potions of heal wounds {unknown}
 s - 3 potions of flight {unknown}
 v - 3 potions of brilliance {unknown}
 z - 2 potions of might


   Skills:
 - Level 2.6 Fighting
 - Level 14.0 Short Blades
 - Level 2.0 Armour
 + Level 12.8 Dodging
 - Level 5.0 Stealth
 - Level 1.0 Shields
 - Level 3.4 Spellcasting


You had 18 spell levels left.
You didn't know any spells.
Your spell library contained the following spells:

 Spells                   Type           Power      Damage    Failure   Level
 Apportation              Tloc           2%         N/A       58%         1
 Beastly Appendage        Tmut           2%         N/A       58%         1
 Sandblast                Erth           2%         2d4       58%         1
 Blink                    Tloc           2%         N/A       75%         2
 Cigotuvi's Dreadful Rot  Necr/Pois/Air  2%         N/A       75%         2
 Lesser Beckoning         Tloc           2%         N/A       75%         2
 Momentum Strike          Conj/Tloc      2%         3d8       75%         2
 Passwall                 Tmut/Erth      0%         N/A       75%         2
 Poisonous Vapours        Pois/Air       2%         N/A       75%         2
 Sublimation of Blood     Necr           1%         N/A       75%         2
 Wereblood                Tmut           1%         N/A       75%         2
 Mephitic Cloud           Conj/Pois/Air  1%         N/A       92%         3
 Ozocubu's Armour         Ice            1%         N/A       92%         3
 Spider Form              Tmut/Pois      1%         N/A       92%         3
 Stone Arrow              Conj/Erth      2%         3d7       92%         3
 Vhi's Electric Charge    Tloc/Air       2%         N/A       92%         3
 Animate Armour           Summ/Erth      2%         N/A       100%        4
 Alistair's Intoxication  Tmut/Pois      0%         N/A       100%        5
 Arcjolt                  Conj/Air       0%         1d10      100%        5
 Fireball                 Conj/Fire      0%         3d3       100%        5
 Iskenderun's Battlesphe  Conj           1%         2d6       100%        5
 Metabolic Englaciation   Hex/Ice        0%         N/A       100%        5
 Conjure Ball Lightning   Conj/Air       0%         3x3d6     100%        6
 Haunt                    Necr/Summ      0%         N/A       100%        7
 Orb of Destruction       Conj           0%         9d5       100%        7
 Summon Hydra             Summ           0%         N/A       100%        7
 Infestation              Necr           0%         N/A       100%        8
 Lehudib's Crystal Spear  Conj/Erth      0%         10d2      100%        8
 Maxwell's Capacitive Co  Air            0%         ∞         100%        8
 Animate Dead             Necr           Unusable   N/A       N/A         4
 Simulacrum               Ice/Necr       Unusable   N/A       N/A         6

Dungeon Overview and Level Annotations

Branches:
Dungeon (10/15) Zot: 26098  Temple (1/1) D:5 Zot: 5957    Lair (4/5) D:8 Zot: 20638
  Swamp (0/4) Lair:2       Spider (0/4) Lair:3          Orc (0/2) D:9
Gauntlet (1/1) Zot: 5733
  Slime: Lair:4-5

Altars:
Ashenzari
Cheibriados
Dithmenos
Elyvilon
Fedhas
Gozag
Hepliaklqana
Kikubaaqudgha
Makhleb
Nemelex Xobeh
Okawaru
Qazlal
Ru
Sif Muna
Trog
Uskayaw
Vehumet
Wu Jian
Xom
Yredelemnul
Zin
The Shining One

Shops:
D:6 =(![

Annotations:
D:5 1 runed translucent door, MrSquiggles's ghost, novice OpFi
D:9 exclusion: ice statue Gauntlet 5 transporters


Innate Abilities, Weirdness & Mutations

You have razor-sharp teeth.
Your natural rate of healing is unusually fast.
When hurt, damage is shared between your health and your magic reserves.
Your bite disrupts and absorbs the magic of your enemies.
Potions cannot restore your health.
[You are very vulnerable to cold. (rC--)]
[You sometimes lose the ability to read scrolls when taking damage.]


Message History

The spectral eight-headed hydra bites you!
You puncture the spectral seven-headed hydra!
The spectral seven-headed hydra is heavily damaged.
The death scarab closely misses you.
You block the spectral black mamba's attack.
You puncture the spectral seven-headed hydra!
You bite the spectral seven-headed hydra!
You drain its power.
You feel invigorated.
The spectral seven-headed hydra is almost destroyed.
The spectral black mamba misses you.
The spectral seven-headed hydra completely misses you.
The spectral seven-headed hydra closely misses you.
The spectral seven-headed hydra bites you but does no damage.
The spectral seven-headed hydra completely misses you.
The spectral seven-headed hydra bites you but does no damage.
The spectral seven-headed hydra bites you.
You block the spectral seven-headed hydra's attack.
You block the spectral eight-headed hydra's attack.
The spectral eight-headed hydra misses you.
The spectral eight-headed hydra bites you!
You feel drained.
The spectral eight-headed hydra barely misses you.
The spectral eight-headed hydra bites you!
You feel drained.
You block the spectral eight-headed hydra's attack.
The spectral eight-headed hydra bites you!
* * * LOW HITPOINT WARNING * * *
The spectral eight-headed hydra completely misses you.
The death scarab bites you!
* * * LOW HITPOINT WARNING * * *
The death scarab draws strength from your injuries!
You puncture the spectral seven-headed hydra!
You destroy the spectral seven-headed hydra!
You feel a little less mighty now. The spectral black mamba bites you.
* * * LOW HITPOINT WARNING * * *
The death scarab waves its antennae.
The death scarab bites you!!
You die...
Your body crumbles into a pile of gold.

##≈.#...©...#.≈##
#≈≈.#########.≈≈#
##≈.#8..©#....≈##
##.#©...#.8..##
##≈.#8..©#....≈##
#≈≈.#########.≈≈#
##≈.#...BZ..#.≈##
##.#.##$Z#.#.##
##≈.#.##@B..#.≈##
#≈≈.#.^Z###.#.≈≈#
##≈.#..^###.#.≈##
##.#...###Z#.##
##≈.#.?[Z..Z#.≈##
#≈≈.#########.≈≈#
##≈...........≈##
##...........##
#≈...........≈#


You could see a spectral komodo dragon, a spectral black mamba, a spectral
eight-headed hydra and 2 death scarabs.

Vanquished Creatures
  3 hydras
  Fannar (Lair:1)
  Erolcha (D:9)
  A two-headed ogre (D:9)
  A tengu warrior (Gauntlet)
  A skyshark (Lair:2)
  A wretched star (Gauntlet)
  A spectral hydra (Gauntlet)
  A deep elf pyromancer (D:10)
  A moth of wrath (Gauntlet)
  7 elephants (Lair:3)
  A gargoyle (D:10)
  2 torpor snails
  6 cane toads
  4 komodo dragons
  A tengu conjurer (Gauntlet)
  2 trolls
  A meliai (Lair:3)
  8 blink frogs
  2 hornets
  3 dream sheep (Lair:1)
  Sigmund (D:2)
  4 wyverns
  14 yaks
  Grum (D:8)
  4 swamp worms (Lair:2)
  8 water moccasins
  2 ice beasts
  An orc warrior (D:6)
  A sky beast (D:6)
  3 ogres
  5 wolves
  6 centaurs
  3 phantoms
  9 bullfrogs
  Blork the orc (D:6)
  2 kobold brigands
  A necrophage (D:5)
  6 scorpions
  2 small abominations (Gauntlet)
  A water moccasin zombie (D:4)
  15 wights
  9 killer bees
  An electric eel (D:9)
  A bullfrog zombie (D:4)
  6 hounds
  2 jellies
  7 orc priests
  Ijyb (D:5)
  4 iguanas
  2 scorpion zombies (D:4)
  4 orc wizards
  A statue (D:3)
  A howler monkey zombie (D:4)
  8 adders
  An ufetubus (D:5)
  2 worms
  5 dart slugs
  14 orcs
  3 ball pythons (D:3)
  3 bats
  7 endoplasms
  A giant cockroach (D:4)
  8 hobgoblins
  7 jackals (D:1)
  13 kobolds
  5 quokkas
  3 frilled lizards (D:1)
  6 goblins
  7 rats
271 creatures vanquished.

Vanquished Creatures (others)
  10 fungi
  10 plants
  2 withered plants (D:5)
22 creatures vanquished.

Grand Total: 293 creatures vanquished

Notes
Turn   | Place    | Note
-------+----------+-------------------------------------------
     0 | D:1      | holysushi the Vine Stalker Monk began the quest for the
                  | Orb.
     0 | D:1      | Reached XP level 1. HP: 11/11 MP: 2/2
   137 | D:1      | Reached skill level 3 in Short Blades
   151 | D:1      | Reached XP level 2. HP: 8/16 MP: 1/3
   484 | D:1      | Reached XP level 3. HP: 10/19 MP: 2/4
   951 | D:2      | Reached skill level 4 in Short Blades
  1095 | D:2      | Gained mutation: Your natural rate of healing is unusually
                  | fast. [Vine Stalker growth]
  1095 | D:2      | Reached XP level 4. HP: 18/23 MP: 5/5
  1145 | D:2      | Noticed Sigmund
  1232 | D:2      | Killed Sigmund
  1233 | D:2      | Reached skill level 5 in Short Blades
  1233 | D:2      | Reached XP level 5. HP: 18/27 MP: 3/10
  1233 | D:2      | Reached XP level 6. HP: 22/32 MP: 3/11
  1473 | D:3      | Found a shadowy altar of Dithmenos.
  1527 | D:3      | Identified the +3 ring mail of Inaction {Regen+ MP+9}
  1557 | D:3      | Found a faded altar of an unknown god.
  1686 | D:3      | Found a radiant altar of Vehumet.
  2201 | D:3      | Found a sparkling altar of Nemelex Xobeh.
  2626 | D:4      | Found an iron altar of Okawaru.
  2736 | D:4      | Found a shimmering altar of Xom.
  2830 | D:4      | Reached XP level 7. HP: 35/35 MP: 12/12
  2876 | D:4      | Reached skill level 1 in Armour
  2912 | D:4      | Found a basalt altar of Yredelemnul.
  3089 | D:4      | Found a sacrificial altar of Ru.
  3227 | D:4      | Found a broken altar of Ashenzari.
  3273 | D:5      | Entered Level 5 of the Dungeon
  3339 | D:5      | Found a staircase to the Ecumenical Temple.
  3356 | Temple   | Entered the Ecumenical Temple
  3465 | D:5      | Reached skill level 6 in Short Blades
  3472 | D:5      | Gained mutation: You have razor-sharp teeth. [Vine Stalker
                  | growth]
  3472 | D:5      | Reached XP level 8. HP: 25/39 MP: 14/14
  3740 | D:5      | Noticed Ijyb
  3751 | D:5      | Killed Ijyb
  3752 | D:5      | Reached skill level 5 in Stealth
  3815 | D:5      | Found a runed translucent door.
  3815 | D:5      | Noticed MrSquiggles's ghost (novice OpFi)
  4079 | D:5      | Reached skill level 7 in Short Blades
  4352 | D:6      | Found Wamovoh's Antique Armour Shop.
  4354 | D:6      | Reached skill level 5 in Dodging
  4359 | D:6      | Reached skill level 1 in Shields
  4365 | D:6      | Reached XP level 9. HP: 43/43 MP: 15/15
  4378 | D:6      | Reached skill level 8 in Short Blades
  4489 | D:6      | Found Beiwais's Jewellery Emporium.
  4497 | D:6      | Noticed Blork the orc
  4502 | D:6      | Killed Blork the orc
  4560 | D:6      | Found Xiustez's Distillery.
  4606 | D:6      | Found Zorpha's Antique Weapon Boutique.
  4939 | D:7      | Reached skill level 9 in Short Blades
  5410 | D:7      | Found an ancient bone altar of Kikubaaqudgha.
  5867 | D:8      | Found a shimmering blue altar of Sif Muna.
  5949 | D:8      | Reached XP level 10. HP: 41/47 MP: 16/16
  5954 | D:8      | Reached skill level 10 in Short Blades
  5967 | D:8      | Found a staircase to the Lair.
  6046 | D:8      | Noticed Grum
  6055 | D:8      | Killed Grum
  6586 | D:9      | Noticed Erolcha
  6602 | D:9      | Killed Erolcha
  6608 | D:9      | Noticed a two-headed ogre
  6618 | D:9      | Killed a two-headed ogre
  6619 | D:9      | Reached skill level 11 in Short Blades
  6646 | D:9      | Noticed an ice statue
  7025 | D:9      | Found an ornate altar of the Wu Jian Council.
  7133 | D:9      | Found a staircase to the Orcish Mines.
  7749 | D:10     | Entered Level 10 of the Dungeon
  7759 | D:10     | Reached XP level 11. HP: 48/51 MP: 17/17
  7782 | D:9      | Reached skill level 12 in Short Blades
  7854 | D:10     | Noticed a deep elf pyromancer
  7864 | D:10     | Killed a deep elf pyromancer
  7967 | D:10     | Found an opulent altar of Gozag.
  8175 | D:10     | Found a hazy altar of Hepliaklqana.
  8282 | D:10     | Became a worshipper of Gozag Ym Sagoz the Greedy
  8373 | Lair:1   | Entered Level 1 of the Lair of Beasts
  8615 | D:6      | Bought a +6 ring of dexterity for 504 gold pieces
  8818 | Lair:1   | Reached skill level 13 in Short Blades
  9255 | Lair:1   | Noticed Fannar
  9445 | Lair:1   | Killed Fannar
  9484 | Lair:2   | You fall into a shaft and drop 1 floor!
  9530 | Lair:2   | Reached XP level 12. HP: 52/56 MP: 18/18
  9612 | Lair:2   | Noticed a skyshark
  9633 | Lair:2   | Killed a skyshark
  9645 | Lair:2   | Reached skill level 14 in Short Blades
  9777 | Lair:2   | Noticed a six-headed hydra
  9778 | Lair:2   | Noticed a five-headed hydra
 10262 | Lair:2   | Killed a five-headed hydra
 10263 | Lair:2   | Reached skill level 10 in Dodging
 10398 | Lair:2   | Killed a six-headed hydra
 10491 | Lair:2   | Found a staircase to the Swamp.
 11112 | Lair:3   | Found a hole to the Spider Nest.
 11505 | D:6      | Bought an amulet of reflection for 420 gold pieces
 12181 | Lair:4   | Found a gate leading to a gauntlet.
 12190 | Gauntlet | Entered a Gauntlet
 12190 | Gauntlet | Noticed a tengu warrior
 12190 | Gauntlet | Found a transporter.
 12200 | Gauntlet | Found a transporter.
 12202 | Gauntlet | Found a transporter.
 12203 | Gauntlet | Found a transporter.
 12211 | Gauntlet | Found a transporter.
 12214 | Gauntlet | Found a transporter.
 12215 | Gauntlet | Found a transporter.
 12217 | Gauntlet | Noticed a four-headed hydra
 12224 | Gauntlet | Found a transporter.
 12227 | Gauntlet | Found a transporter.
 12228 | Gauntlet | Found a transporter.
 12240 | Gauntlet | Found a transporter.
 12240 | Gauntlet | Found a transporter.
 12240 | Gauntlet | Noticed a wretched star
 12241 | Gauntlet | Found a transporter.
 12243 | Gauntlet | Noticed a death scarab
 12248 | Gauntlet | Noticed a death scarab
 12249 | Gauntlet | Found a transporter.
 12351 | Gauntlet | Killed a tengu warrior
 12352 | Gauntlet | Reached XP level 13. HP: 58/59 MP: 19/19
 12355 | Gauntlet | Identified the +7 lajatang of Exquisite Torment {drain,
                  | rC+}
 12475 | Gauntlet | Mangled by a death scarab

Illustrated notes

Levels and vault maps discovered:
D:1:      ebering_hopf_link, layout_basic, grunt_decor_resistance
D:2:      layout_rooms, uniq_sigmund
D:3:      layout_loops_corners, grunt_dithmenos_smoke_and_mirrors,
          vehumet_statue, nemelex_spade_bored_becter,
          shapermc_ecumenical_altar_totnotflames
D:4:      layout_rooms, mainiacjoe_overflow_surrounded_room,
          nicolae_yredelemnul_corpse_copse, general_overflow_altar,
          mainiacjoe_overflow_small_starburst, dk_xom_monty_hall,
          grunt_ministairs_11
D:5:      minmay_bubble_buster, layout_loops_ring, minmay_temple_entry_wispy,
          gammafunk_ghost_grave, uniq_ijyb
D:6:      layout_rooms, serial_shops, nicolae_shop_crystal, shop,
          shop_fountains, nicolae_shop_trees, nicolae_underground_beach,
          uniq_blork_the_orc
D:7:      layout_cave_pods, mainiacjoe_overflow_six_doors_small
D:8:      layout_basic, nicolae_sif_muna_little_library, dpeg_oklobed_lair,
          minmay_misc_feat_pillars, uniq_grum
D:9:      layout_loops_corners, lemuel_coloured_pillars_altar, orc_0_dummy,
          minivault_16, fountainhead, minivault_24, uniq_erolcha
D:10:     layout_rooms, worldfamousw_hep_ancestral_shrine, old_standard_altar
Temple:   nicolae_temple_ecumenical_triangle
Lair:1:   layout_loops_ring, uniq_fannar
Lair:2:   layout_big_grid, palyth_hydra_swamp_entry, grunt_megastairs_3
Lair:3:   layout_cave_pods, hellmonk_spider_entry_not_the_bees
Lair:4:   layout_hall_layers, gauntlet_entry_generic,
          cheibrodos_lair_caveside_slide, grunt_megastairs_2,
          infiniplex_staircase_pool_2, wad_woods_river_01
Gauntlet: gammafunk_gauntlet_77_escape_option
          [minmay_gauntlet_arena_77_checkered,
          minmay_gauntlet_arena_77_broken_ladder,
          minmay_gauntlet_arena_77_mirror,
          minmay_gauntlet_arena_77_chump_sandwich,
          minmay_gauntlet_arena_77_block_sizes,
          nicolae_gauntlet_exit_dead_adventurers]

Skill      XL: |  1  2  3  4  5  6  7  8  9 10 11 12 |
---------------+-------------------------------------+-----
Short Blades   | 3 4 5 6 7 9 11 13 14 | 14.0
Spellcasting   | 2 3 |  3.4
Stealth        | 3 4 5 |  5.0
Armour         | 2 |  2.0
Dodging        | 3 5 6 7 9 12 | 12.8
Shields        | 1 |  1.0
Fighting       | |  2.6

Action                     |  1- 3 |  4- 6 |  7- 9 | 10-12 | 13-15 || total
---------------------------+-------+-------+-------+-------+-------++-------
  Melee: Short sword       |    91 |   105 |    57 |       |       ||   253
         Bite              |    21 |    29 |   114 |   249 |    17 ||   430
         Punch             |     1 |     1 |     4 |       |       ||     6
         Rapier            |       |       |   258 |   575 |    37 ||   870
  Evoke: Wand              |       |       |     5 |     3 |       ||     8
    Use: Scroll            |     4 |       |    12 |    10 |     2 ||    28
         Potion            |       |       |       |     4 |     3 ||     7
   Stab: Sleeping          |     7 |    11 |    10 |     7 |       ||    35
         Distracted        |       |       |       |     3 |       ||     3
 Armour: Robe              |    14 |     3 |       |       |       ||    17
         Ring mail         |       |    12 |   106 |    94 |     9 ||   221
  Dodge: Dodged            |    66 |    42 |   157 |   309 |    45 ||   619
  Block: Buckler           |       |       |    31 |   108 |    21 ||   160
         Reflection        |       |       |       |       |     1 ||     1

Table legend: (Time is in decaauts)
 A = Elapsed time spent in this place.
 B = Non-inter-level travel time spent in this place.
 C = Inter-level travel time spent in this place.
 D = Time resting spent in this place.
 E = Time spent auto-exploring this place.
 F = Levels seen in this place.
 G = Mean time per level.
                   A        B        C        D        E       F      G
               +--------+--------+--------+--------+--------+-----+--------+
         Total |  12145 |  10963 |   1182 |    145 |   8320 |  16 |  759.1 |
       Dungeon |   8475 |   7723 |    752 |     31 |   6062 |  10 |  847.5 |
        Temple |     42 |     37 |      5 |      0 |     17 |   1 |   42.0 |
          Lair |   3361 |   2936 |    425 |    114 |   2124 |   4 |  840.2 |
      Gauntlet |    266 |    266 |      0 |      0 |    117 |   1 |  266.0 |
               +--------+--------+--------+--------+--------+-----+--------+

Top non-repeatable levels by time:
     D:9: 1209 daAuts
  Lair:2: 1205 daAuts
  Lair:1: 1102 daAuts
     D:8: 1062 daAuts
     D:3: 1025 daAuts
     D:5: 1025 daAuts
  Lair:3: 1025 daAuts
     D:7: 972 daAuts
     D:1: 925 daAuts
     D:4: 736 daAuts
     D:2: 524 daAuts
    D:10: 510 daAuts
     D:6: 482 daAuts
Gauntlet: 266 daAuts
  Temple: 42 daAuts
